[Event "*** Titled Tuesday 3|2 Blitz"]
[Site "Chess.com"]
[Date "2015.08.04"]
[Round "8"]
[White "mortalbovine"]
[Black "KyronGriffith"]
[Result "0-1"]
[WhiteElo "1776"]
[BlackElo "2224"]
[TimeControl "180+2"]
[EndTime "13:13:05 PDT"]
[Termination "KyronGriffith won by resignation"]

1. d4 Nf6 2. c4 c5 3. d5 e6 4. Nf3 exd5 5. cxd5 d6 6. Nc3 g6 7. e4 Bg7 8. h3 O-O 9. Bd3 b5 10. Bxb5 Nxe4 11. Nxe4 Qa5+ 12. Nc3 Bxc3+ 13. bxc3 Qxb5 14. Be3 Ba6 15. Rb1 Qc4 16. Qb3 Qe4 17. Qd1 Qc4 18. Nd2 Qxd5 19. c4 Qxg2 20. Qf3 Qxf3 21.
Nxf3 Bxc4 22. Ng5 Nc6 23. a3 Rab8 24. Kd2 Bd5 25. Rhg1 Ne5 26. f4 Nc4+ 27. Ke2 Nxa3 28. Rxb8 Rxb8 29. Bd2 Nb5 30. Rg3 Nd4+ 31. Kf2 Rb2 32.
Rd3 Bc4 0-1

[Event "*** Titled Tuesday 3|2 Blitz"]
[Site "Chess.com"]
[Date "2015.08.04"]
[Round "8"]
[White "Hikaru"]
[Black "Tesla37"]
[Result "1-0"]
[WhiteElo "2855"]
[BlackElo "2552"]
[TimeControl "180+2"]
[EndTime "13:13:54 PDT"]
[Termination "Hikaru won on time"]

1. d4 Nf6 2. Bg5 c5 3. d5 Ne4 4. Bf4 e6 5. f3 Qa5+ 6. c3 Nf6 7. e4 exd5 8. e5 Ng8 9. Qxd5 Ne7 10. Qd2 Ng6 11.
Bg3 Nc6 12. f4 h5 13. Na3 Be7 14. Nf3 h4 15. Bf2 O-O 16. Bd3 d5 17. exd6 Bf6 18. O-O h3 19. Bxg6 hxg2 20. Rfe1 fxg6 21. d7 Qc7 22.
dxc8=Q Raxc8 23. Bg3 b5 24. Nxb5 Qb6 25. a4 a6 26. Nd6 Rcd8 27. Ng5 c4+ 28. Kxg2 Ne7 29. Rad1 Qc6+ 30. Nge4 Kh7 31. Kg1 Nf5 32. Qg2 Qb6+ 33.
Qf2 Qc6 34. Nxf5 Rxd1 35. Nxf6+ Rxf6 36. Rxd1 Rxf5 37. h4 Qxa4 38. Rd2 Qc6 39. Kh2 a5 40. Qg2 Qe6 41. Re2 Qd6 42. Qe4 Qc5 43. Rd2 a4 44.
Rd8 Qb5 45. Qa8 1-0

[Event "*** Titled Tuesday 3|2 Blitz"]
[Site "Chess.com"]
[Date "2015.08.04"]
[Round "8"]
[White "Tal-Baronfew"]
[Black "Imre91"]
[Result "1/2-1/2"]
[WhiteElo "2800"]
[BlackElo "2628"]
[TimeControl "180+2"]
[EndTime "13:14:03 PDT"]
[Termination "Game drawn by agreement"]

1. d4 d5 2. c4 c6 3. e3 Nf6 4. Bd3 a6 5. Nf3 g6 6. O-O Bg7 7. b3 O-O 8. Bb2 Bg4 9. Nbd2 Nbd7 10. h3 Bxf3 11. Nxf3 e6 12. Re1 Qe7 13. a4 Rfd8 14. Ba3 Qe8 15. Rc1 e5 16. dxe5 Nxe5 17. Nxe5 Qxe5 18.
Qc2 Rac8 19. Bb2 Qe6 20. cxd5 Nxd5 21. Bxg7 Kxg7 22. Bc4 Qe5 23. Red1 Nf6 24. Rxd8 Rxd8 25. Rd1 Rd6 26. Rxd6 Qxd6 27. Qc3 Kg8 28. a5 Nd7 29. b4 Nf6 30. Qb3 Qe7 31. Qc3 Qd6 32. Qb3 Qd7 33.
Qc3 Qd1+ 34. Bf1 Qd6 35. Bc4 Qd1+ 36. Bf1 Qd6 37. Bc4 Ne4 38. Qb3 Qf6 39. Qc2 Qa1+ 40. Kh2 Qe5+ 41. Kg1 Nd6 42. Bb3 h5 43. Qxg6+ Kf8 44.
Qd3 Ke7 1/2-1/2

[Event "*** Titled Tuesday 3|2 Blitz"]
[Site "Chess.com"]
[Date "2015.08.04"]
[Round "8"]
[White "arnacman"]
[Black "alturas_pacificas"]
[Result "1-0"]
[WhiteElo "2245"]
[BlackElo "2080"]
[TimeControl "180+2"]
[EndTime "13:14:21 PDT"]
[Termination "arnacman won by resignation"]

1. e4 e5 2. Bc4 Nf6 3. d3 Nc6 4. Nf3 h6 5. O-O Bc5 6. c3 d6 7.
Bb3 O-O 8. Nbd2 Bg4 9. h3 Be6 10.
Bc2 d5 11. Re1 dxe4 12. dxe4 Qd7 13. Qe2 a6 14. Nf1 Rad8 15. Ng3 b5 16. b3 b4 17. Be3 Bxe3 18. Qxe3 bxc3 19. Qxc3 Qd6 20. Rad1 Nd4 21.
Nxd4 exd4 22. Qd2 Nh7 23. e5 Qc5 24. Qd3 g6 25. f4 Qc3 26. Ne4 Qxd3 27. Bxd3 a5 28.
Rc1 Rc8 29. Rc5 a4 30. bxa4 Bxa2 31. a5 Rfd8 32. a6 Nf8 33. a7 Ne6 34. Ra5 Bd5 35. Nf6+ Kg7 36. Nxd5 c5 37. Bc4 Nc7 38. Nxc7 Rxc7 39.
a8=Q 1-0

[Event "*** Titled Tuesday 3|2 Blitz"]
[Site "Chess.com"]
[Date "2015.08.04"]
[Round "8"]
[White "hansen"]
[Black "Ar4uha"]
[Result "1-0"]
[WhiteElo "2494"]
[BlackElo "2397"]
[TimeControl "180+2"]
[EndTime "13:14:29 PDT"]
[Termination "hansen won on time"]

1. e4 d5 2. exd5 Nf6 3. Bb5+ Bd7 4. Be2 Nxd5 5. d4 g6 6. Nf3 Bg7 7. O-O O-O 8. Re1 Bg4 9. h3 Bxf3 10. Bxf3 Nc6 11. c3 e6 12. Nd2 Re8 13. Nc4 Nb6 14. Nxb6 axb6 15. a3 Qd7 16. Bf4 Ra5 17. Qc2 Ne7 18.
Rad1 c6 19. Bc1 b5 20. Re2 Nd5 21. Rde1 Rc8 22. h4 h6 23. g3 Raa8 24. Bg4 Re8 25. Qd3 h5 26. Bh3 Rac8 27. Qf3 Nf6 28. Bg5 Qd5 29. Qd3 Ng4 30. Re4 Qf5 31. Qe2 Qd5 32. Bxg4 hxg4 33. Re3 Qf5 34. Bf4 c5 35. dxc5 Rxc5 36.
Re4 Rd8 37. Bg5 Bf6 38. Rf4 Re5 39. Qxe5 Qxe5 40. Rxe5 Bxe5 41. Rxg4 Rd1+ 42. Kg2 Rd5 43. Be3 1-0

[Event "*** Titled Tuesday 3|2 Blitz"]
[Site "Chess.com"]
[Date "2015.08.04"]
[Round "8"]
[White "DeviatkinAndrey"]
[Black "GMG"]
[Result "1-0"]
[WhiteElo "2541"]
[BlackElo "2400"]
[TimeControl "180+2"]
[EndTime "13:14:48 PDT"]
[Termination "DeviatkinAndrey won by resignation"]

1. e4 d5 2. exd5 Qxd5 3. Qf3 Nf6 4. Qxd5 Nxd5 5. a3 Bf5 6. d3 Nc6 7. Nf3 O-O-O 8. Bd2 e5 9. Nc3 Nxc3 10. Bxc3 Bc5 11.
Be2 Rhe8 12. Ng5 f6 13. Ne4 Bd4 14. Bxd4 Nxd4 15. Bd1 Ne6 16. Be2 Nd4 17. Bd1 Bg6 18. O-O f5 19. Nc3 c6 20. Re1 Kc7 21. Ne2 c5 22. f3 Bf7 23. Kf2 g5 24. b4 c4 25. Nxd4 exd4 26. dxc4 Bxc4 27. Be2 b5 28. a4 Bxe2 29. Rxe2 Rxe2+ 30. Kxe2 Re8+ 31. Kd2 g4 32. axb5 gxf3 33. gxf3 Re3 34. Rxa7+ Kb6 35. Rd7 Rxf3 36.
Rxd4 Kxb5 37. h4 Rg3 38. c3 Rg4 39. Rxg4 fxg4 40. h5 Kc4 41. Ke3 1-0

[Event "*** Titled Tuesday 3|2 Blitz"]
[Site "Chess.com"]
[Date "2015.08.04"]
[Round "8"]
[White "Genghis_K"]
[Black "tac49"]
[Result "1-0"]
[WhiteElo "2592"]
[BlackElo "2467"]
[TimeControl "180+2"]
[EndTime "13:14:54 PDT"]
[Termination "Genghis_K won by resignation"]

1. d4 Nf6 2. c4 g6 3. Nc3 Bg7 4. e4 d6 5. h3 O-O 6. Bg5 c5 7. d5 e6 8. Bd3 exd5 9. cxd5 Nbd7 10. Nf3 a6 11. a4 Re8 12. O-O Ne5 13. Nxe5 Rxe5 14.
Bf4 Re8 15. a5 b5 16. axb6 Qxb6 17. Na4 Qd8 18. Re1 Bd7 19. Nc3 Nh5 20. Be3 Qh4 21.
Qd2 Be5 22. Bg5 Bf4 23. Bxh4 Bxd2 24. Red1 Bf4 25. g4 Ng7 26. Bf6 a5 27. Ra2 h5 28.
f3 Be5 29. Bxe5 Rxe5 30. Rda1 hxg4 31. hxg4 Rb8 32. Kf2 a4 33. f4 Ree8 34. g5 Nh5 35. Ke3 Rb4 36. Be2 Ng3 37. Bd3 Nxe4 38. Bxe4 Bf5 39. Rxa4 Bxe4 40. Rxb4 Bg2+ 41. Kf2 cxb4 42.
Nb5 Bxd5 43. Nc7 Re4 44. Nxd5 Rd4 1-0

[Event "*** Titled Tuesday 3|2 Blitz"]
[Site "Chess.com"]
[Date "2015.08.04"]
[Round "8"]
[White "Gergo85"]
[Black "stepanosinovsky"]
[Result "1-0"]
[WhiteElo "2328"]
[BlackElo "2253"]
[TimeControl "180+2"]
[EndTime "13:15:01 PDT"]
[Termination "Gergo85 won on time"]

1. e4 e6 2. d4 b6 3. Nc3 Bb4 4.
Bd3 Bb7 5. Ne2 Ne7 6. O-O d5 7. e5 Nbc6 8. a3 Bxc3 9. bxc3 Qd7 10. Ng3 Nf5 11. Bxf5 exf5 12. Nh5 Rg8 13. Bh6 O-O-O 14. Bxg7 f4 15. Qf3 Qf5 16. Bf6 Rd7 17. Nxf4 Qxc2 18.
Rfe1 Na5 19. e6 fxe6 20. Rxe6 Bc6 21. Rae1 Kb7 22. g3 Nc4 23. Rxc6 Kxc6 24. Re6+ Kb7 25. h4 Qf5 26. Bg5 Nd2 27. Qe3 Ne4 28. Re5 Qf8 29.
Nxd5 Nxg5 30. hxg5 Qxa3 31. Nb4 c6 32. Re6 1-0

[Event "*** Titled Tuesday 3|2 Blitz"]
[Site "Chess.com"]
[Date "2015.08.04"]
[Round "8"]
[White "rhungaski"]
[Black "petrpalachev"]
[Result "0-1"]
[WhiteElo "2461"]
[BlackElo "2374"]
[TimeControl "180+2"]
[EndTime "13:15:08 PDT"]
[Termination "petrpalachev won by checkmate"]

1. Nf3 d5 2. c4 e6 3. g3 Nf6 4. Bg2 Be7 5. O-O O-O 6. d4 dxc4 7.
Qc2 a6 8. Qxc4 b5 9. Qc2 Bb7 10.
Bf4 Bd6 11. Nbd2 Nc6 12. Nb3 Nb4 13. Qd2 Ne4 14. Qc1 Nd5 15. Na5 Nxf4 16. gxf4 Bd5 17.
Ne5 Bxe5 18. fxe5 c5 19. Nb3 c4 20. Nd2 Nxd2 21. Qxd2 Bxg2 22. Kxg2 Qd5+ 23. f3 Rad8 24. Rad1 f5 25. e3 Kh8 26. Kf2 Rd7 27. Qb4 Rc8 28.
Rg1 c3 29. b3 c2 30. Rc1 f4 31. Rg4 fxe3+ 32. Kxe3 Rf7 33. Rg3 Rcf8 34. Rxc2 Rxf3+ 35. Kd2 Rf2+ 36. Kc1 Rxc2+ 37. Kxc2 Rf2+ 38. Kc3 Qe4 39. Qd6 Qe1+ 40. Kd3 Qe2+ 41. Kc3 Qd2# 0-1

[Event "*** Titled Tuesday 3|2 Blitz"]
[Site "Chess.com"]
[Date "2015.08.04"]
[Round "8"]
[White "Beca95"]
[Black "Dlugy"]
[Result "1-0"]
[WhiteElo "2575"]
[BlackElo "2538"]
[TimeControl "180+2"]
[EndTime "13:15:26 PDT"]
[Termination "Beca95 won by checkmate"]

1. Nf3 b5 2. g3 Bb7 3. Bg2 Nf6 4. O-O e6 5. d3 Be7 6. e4 O-O 7. Re1 c5 8. c3 d5 9. e5 Nfd7 10. d4 Nc6 11. h4 b4 12. Bf4 Nb6 13. Nbd2 a5 14. Nb3 Na4 15. Qd2 Ba6 16. h5 Rb8 17.
Reb1 bxc3 18. bxc3 cxd4 19. cxd4 Bb4 20. Qe3 Bc3 21. Bg5 Qd7 22. h6 g6 23. Qf4 f6 24.
exf6 Bxa1 25. Rxa1 Bd3 26. Rc1 Rbc8 27. Bh3 Bf5 28.
Bxf5 exf5 29. Re1 Rce8 30. Ne5 Nxe5 31. dxe5 Nc3 32. Nd4 Ne4 33. f3 Qa7 34. Rd1 Nxg5 35.
Qxg5 Rxe5 36. Kg2 Qb6 37. f4 Re4 38. Nxf5 Qxf6 39. Qxf6 Rxf6 40. Nd4 Rb6 41. Nf3 Rd6 42. Ng5 Re8 43. Rd4 Re2+ 44. Kf3 Rxa2 45. Rd3 Rh2 46.
Rb3 Rd8 47. Rb7 Re8 48. Rg7+ Kf8 49. Nxh7# 1-0

[Event "*** Titled Tuesday 3|2 Blitz"]
[Site "Chess.com"]
[Date "2015.08.04"]
[Round "8"]
[White "chessking2151"]
[Black "Just-Live-Simply"]
[Result "1-0"]
[WhiteElo "2039"]
[BlackElo "1986"]
[TimeControl "180+2"]
[EndTime "13:15:29 PDT"]
[Termination "chessking2151 won by checkmate"]

1. e4 e6 2. d4 d5 3. Nd2 Nf6 4. e5 Nfd7 5. f4 c5 6. Ngf3 Nc6 7. c3 cxd4 8. cxd4 Qb6 9. Nb3 a5 10. a4 Bb4+ 11. Kf2 f6 12. Be3 O-O 13. Bb5 Na7 14.
Bd3 Qd8 15. Qc2 g6 16. h4 Qe7 17. h5 g5 18. exf6 Nxf6 19. Nxg5 Ng4+ 20. Ke2 Nxe3 21.
Kxe3 e5 22. Bxh7+ Kh8 23. dxe5 Nc6 24. Nf3 Bg4 25. Bg6 Bxf3 26. gxf3 Nxe5 27. fxe5 Qxe5+ 28. Kf2 Rae8 29. Rhf1 Qe3+ 30. Kg2 Re5 31. Rf2 Rg5+ 32. Kf1 Qe6 33. Nd2 Qh3+ 34. Ke2 Re5+ 35. Ne4 dxe4 36. Bxe4 Qh4 37. Rg1 Rfe8 38. Rg4 Qe7 39. Qc1 Qf7 40. Qh6+ Qh7 41. Qf6+ Qg7 42. Qxg7# 1-0

[Event "*** Titled Tuesday 3|2 Blitz"]
[Site "Chess.com"]
[Date "2015.08.04"]
[Round "8"]
[White "1stSecond"]
[Black "Fh2411"]
[Result "1-0"]
[WhiteElo "2382"]
[BlackElo "2181"]
[TimeControl "180+2"]
[EndTime "13:15:38 PDT"]
[Termination "1stSecond won by resignation"]

1. d4 d5 2. c4 c6 3. Nc3 Nf6 4. Nf3 dxc4 5. a4 Bf5 6. Ne5 Nbd7 7. Nxc4 Qc7 8. g3 e5 9. dxe5 Nxe5 10. Bf4 Nfd7 11.
Bg2 f6 12. Ne3 Bg6 13. O-O Nc5 14. Rc1 Rd8 15. Qe1 Nb3 16. Ncd5 Qb8 17. Rc3 Nd4 18.
Rc4 Ne6 19. Nc3 Nxf4 20. Rxf4 Bc5 21. Nf5 O-O 22. Ne4 Bxf5 23. Nxc5 Bc8 24. Qc3 Qd6 25.
a5 Kh8 26. Rb4 Qe7 27. h3 Nd7 28. Nxd7 Qxd7 29. a6 bxa6 30. Kh2 Qd2 31. Bf3 Qxc3 32. bxc3 Rfe8 33. Ra1 Re6 34. Rb8 Red6 35. c4 c5 36.
Ra5 g5 37. Rxc5 Be6 38. Rxd8+ Rxd8 39. Rc7 Rd7 40. Rc6 Re7 41. c5 a5 42. Ra6 Kg7 43.
Rxa5 Rc7 44. c6 h5 45. Rc5 g4 46. Be4 Kh6 47. h4 f5 48. Bg2 Kg6 49. f4 Kf6 50. Re5 Bc8 51. Kg1 Be6 52. Kf2 Rc8 53. Ke3 Rb8 54. Ra5 Rb3+ 55. Kf2 Rb2 56. Rxa7 Bc4 57.
Bf1 Rc2 58. c7 Bb5 59. Rb7 Ba6 60. Rb6+ Ke7 61. Rxa6 Rxc7 62. Rh6 1-0

[Event "*** Titled Tuesday 3|2 Blitz"]
[Site "Chess.com"]
[Date "2015.08.04"]
[Round "8"]
[White "ChessMavenYeti"]
[Black "NowInChess"]
[Result "0-1"]
[WhiteElo "2041"]
[BlackElo "1987"]
[TimeControl "180+2"]
[EndTime "13:15:41 PDT"]
[Termination "NowInChess won by resignation"]

1. d4 Nf6 2. c4 c5 3. d5 e5 4. g3 d6 5. Bg2 g6 6. Nc3 Bg7 7. e4 O-O 8. Nge2 a6 9. O-O b5 10.
cxb5 Nbd7 11. Bg5 Qb6 12. a4 c4 13. a5 Qb8 14. b6 Nc5 15. f4 h6 16. fxe5 hxg5 17. exf6 Bh6 18. Na4 Nb3 19. Ra3 Nxa5 20. Qd2 Nb3 21. Qe3 Bd7 22. h4 Rc8 23. hxg5 Bf8 24.
Nf4 Bxa4 25. Rxa4 Nc5 26. Rb4 a5 27. Rb5 Ra6 28. b7 Rc7 29. Qd4 Nb3 30. Qc3 Rxb7 31. Rxb7 Qxb7 32. Nxg6 fxg6 33. f7+ Kh7 34. Kf2 Qxf7+ 35.
Ke1 Qg7 36. Qxc4 Rb6 37. Rxf8 Qxf8 38. Qc7+ Qg7 39. Qxb6 Qxb2 40. Qc7+ Kg8 41. Qd8+ Kf7 42. Qf6+ Qxf6 43. gxf6 Kxf6 44. Kd1 Ke5 45. Kc2 Nc5 46. Kc3 Nxe4+ 47. Kc4 Nxg3 48. Kb5 Ne2 49. Kxa5 Nf4 50. Bh1 Nxd5 51. Kb5 Nf4 52. Kc4 d5+ 53. Kc5 g5 54.
Bf3 d4 55. Kc4 Ne6 56. Bg4 Nf4 57. Bf3 d3 58. Kc3 Kf5 59. Kd2 g4 60. Bd1 g3 61.
Ke3 Ke5 62. Kf3 g2 63. Kf2 Kd4 64. Ba4 Kc3 65. Bd1 Kb2 66. Bf3 Kc1 67. Bxg2 Nxg2 68.
Kxg2 d2 0-1

[Event "*** Titled Tuesday 3|2 Blitz"]
[Site "Chess.com"]
[Date "2015.08.04"]
[Round "8"]
[White "michaelk123"]
[Black "wonderfultime"]
[Result "0-1"]
[WhiteElo "2060"]
[BlackElo "2633"]
[TimeControl "180+2"]
[EndTime "13:15:49 PDT"]
[Termination "wonderfultime won on time"]

1. e4 c5 2. Nf3 Nc6 3. Bb5 d6 4. d4 cxd4 5. Qxd4 Nf6 6. Qd3 Bd7 7. Bg5 Rc8 8. c4 a6 9. Bxc6 bxc6 10. Nc3 h6 11. Bh4 g5 12. Bg3 Bg7 13. h3 Nh5 14. Bh2 Nf4 15. Bxf4 gxf4 16. c5 dxc5 17.
O-O-O Qc7 18. Qc4 Be6 19. Qxc5 Rb8 20. Nd4 Bd7 21. Rhe1 Qe5 22. Qc4 O-O 23. Nf3 Qc7 24.
e5 Qb7 25. Rd2 Be6 26. Qxf4 Rfd8 27. Red1 Rxd2 28. Rxd2 c5 29. Nh4 Qb4 30. Qxb4 cxb4 31. Ne2 Bxe5 32. Nf3 Bf6 33. Ned4 Bd5 34. b3 Be4 35.
Kd1 e6 36. Ke2 a5 37. Ke3 Bd5 38. Rc2 Ra8 39. Rc7 a4 40. Nc6 axb3 41. axb3 Ra3 42.
Nfd4 Bxb3 43. Nxb4 Bd5+ 44. Nd3 Bxg2 45. Nc2 Ra4 0-1

[Event "*** Titled Tuesday 3|2 Blitz"]
[Site "Chess.com"]
[Date "2015.08.04"]
[Round "8"]
[White "ER404"]
[Black "NMJeevanK"]
[Result "0-1"]
[WhiteElo "2047"]
[BlackElo "2101"]
[TimeControl "180+2"]
[EndTime "13:15:51 PDT"]
[Termination "NMJeevanK won by resignation"]

1. d4 d5 2. c4 c6 3. cxd5 cxd5 4. Bf4 Nf6 5. e3 Nc6 6. Nc3 e6 7. Bd3 a6 8. Rc1 Qb6 9. Nge2 h6 10. O-O Be7 11. Na4 Qd8 12. Qb3 O-O 13. Nb6 Na5 14. Qa4 Qxb6 15. Bc7 Qxb2 16. Rb1 Qd2 17. Rfd1 b5 18.
Rxd2 bxa4 19. Bxa5 Bd7 20. Rb7 Rfb8 21. Rdb2 Rxb7 22.
Rxb7 Bf8 23. f3 Rc8 24. Kf2 a3 25. Bc7 Bb5 26. Bb1 Ne8 27. Ba5 Nd6 28. Rc7 Rb8 29. Nc3 Bc4 30. e4 Nb5 31. Nxb5 Rxb5 32. exd5 exd5 33. Bc3 Rxb1 34. Rc8 g6 35. Bd2 Kg7 36. Bf4 Rb2+ 37. Kg3 Be7 38. Rc7 Bf6 39. h4 Bf1 40. Kg4 Rxg2+ 41. Kh3 Rc2+ 42. Kg3 Rxc7 43. Bxc7 Bxd4 44.
Bd6 Bb2 45. Kf2 Bc4 46. h5 Bxa2 47. Be5+ Bxe5 48. hxg6 fxg6 49. f4 Bxf4 0-1

[Event "*** Titled Tuesday 3|2 Blitz"]
[Site "Chess.com"]
[Date "2015.08.04"]
[Round "8"]
[White "BjarkeSahl"]
[Black "Prolta"]
[Result "1-0"]
[WhiteElo "2103"]
[BlackElo "1695"]
[TimeControl "180+2"]
[EndTime "13:15:54 PDT"]
[Termination "BjarkeSahl won by resignation"]

1. e4 e6 2. d4 d5 3. Nc3 Nf6 4. Bg5 Be7 5. e5 Nfd7 6. h4 h6 7. Bxe7 Qxe7 8. Qg4 O-O 9. f4 f5 10. Qg3 a6 11. Nce2 c5 12. c3 cxd4 13. Nxd4 Nc6 14.
Ngf3 Nc5 15. h5 Ne4 16. Qh4 Qxh4+ 17. Rxh4 Kf7 18. Bd3 Bd7 19. Ke2 Rac8 20. Ke3 b5 21.
g4 fxg4 22. Rxg4 Nxd4 23. Nxd4 Rg8 24. Rag1 Rc7 25. Rg6 Nc5 26. Bc2 Bc8 27. R6g2 Kf8 28. Bh7 Rh8 29. Bg6 Rg8 30. Rf1 Nb7 31. Rgf2 Nd8 32.
f5 exf5 33. Bxf5 Bxf5 34. Rxf5+ Ke7 35. Rg1 Ne6 36. Rg6 Ng5 37. Rf4 Rf8 38. Nf5+ Rxf5 39. Rxf5 Ke8 40. Kd4 Nf7 41. Kxd5 Nxe5 42. Rxe5+ Kd8 43.
Rxa6 Rd7+ 44. Rd6 Kc7 45. Rxd7+ Kxd7 46. b4 Kc7 1-0

[Event "*** Titled Tuesday 3|2 Blitz"]
[Site "Chess.com"]
[Date "2015.08.04"]
[Round "8"]
[White "GregShahade"]
[Black "josiwales"]
[Result "1-0"]
[WhiteElo "2290"]
[BlackElo "2063"]
[TimeControl "180+2"]
[EndTime "13:16:08 PDT"]
[Termination "GregShahade won on time"]

1. e4 c5 2. Nf3 Nc6 3. d4 cxd4 4. Nxd4 g6 5. c4 Bg7 6. Be3 Nf6 7. Nc3 Ng4 8. Qxg4 Nxd4 9. Qd1 Ne6 10. Rc1 O-O 11. Be2 d6 12. O-O b6 13. b3 Bb7 14. Nd5 Rc8 15.
f3 Nc5 16. Qd2 Qd7 17. Kh1 f5 18. Bg5 Bxd5 19. exd5 a5 20. Rfe1 Rce8 21. Bf1 Be5 22. Rb1 f4 23. Bh4 Qf5 24. a3 g5 25. Bf2 Qf6 26. Qc2 g4 27. fxg4 f3 28. g3 Bd4 29.
b4 Bxf2 30. Qxf2 axb4 31. axb4 Na4 32. Bd3 e5 33. Bf5 Nc3 34. Rb3 e4 35. Be6+ Rxe6 36. dxe6 e3 37. Rxe3 Nd1 38. Qxf3 Qa1 39. Qxf8+ Kxf8 40.
e7+ Ke8 41. Ra3 1-0

[Event "*** Titled Tuesday 3|2 Blitz"]
[Site "Chess.com"]
[Date "2015.08.04"]
[Round "8"]
[White "dretch"]
[Black "Storne89"]
[Result "1-0"]
[WhiteElo "2575"]
[BlackElo "2498"]
[TimeControl "180+2"]
[EndTime "13:16:12 PDT"]
[Termination "dretch won by resignation"]

1. d4 Nf6 2. c4 e6 3. Nf3 Bb4+ 4. Nbd2 O-O 5. a3 Be7 6. e4 d6 7. Bd3 c5 8. d5 e5 9. O-O Nh5 10. g3 g6 11. Re1 Bh3 12. b4 b6 13. Bf1 Qc8 14. Bxh3 Qxh3 15. bxc5 bxc5 16. Rb1 Qc8 17.
Nb3 Bd8 18. Bd2 a5 19. Bc3 Ng7 20. Qd2 a4 21. Na5 Bxa5 22. Bxa5 f5 23. Qh6 Nh5 24. Ng5 Qd7 25. Bc7 Qxc7 26. Qxf8+ Kxf8 27. Ne6+ Ke7 28. Nxc7 Ra7 29. Rxb8 Rxc7 30. Reb1 Nf6 31. R1b7 Kd7 32. exf5 gxf5 33. Rxc7+ Kxc7 34. Rf8 Ne4 35. Rxf5 Nd2 36. Rf7+ Kb6 37. Rxh7 Nxc4 38. g4 e4 39. Rh3 Ne5 40. g5 c4 41. Rg3 Kc5 42. g6 Nxg6 43. Rxg6 Kxd5 44. Kf1 c3 45. Ke2 Kc5 46. Rg8 Kc4 47.
Rb8 d5 48. Rb4+ Kc5 49. Kd1 d4 50. Kc2 Kd5 51. h4 Ke5 52. h5 Kf4 53. h6 Kf3 54. h7 Ke2 55. Rxd4 1-0

[Event "*** Titled Tuesday 3|2 Blitz"]
[Site "Chess.com"]
[Date "2015.08.04"]
[Round "8"]
[White "Zlatan56"]
[Black "Tobi-Wan-Kenobi"]
[Result "1-0"]
[WhiteElo "2482"]
[BlackElo "2369"]
[TimeControl "180+2"]
[EndTime "13:16:23 PDT"]
[Termination "Zlatan56 won by resignation"]

1. Nf3 c5 2. c4 Nc6 3. Nc3 Nf6 4.
e3 e5 5. d4 cxd4 6. exd4 e4 7.
Ne5 Bb4 8. Be2 Qa5 9. O-O Nxe5 10. dxe5 Qxe5 11. Bd2 O-O 12. Nxe4 Bxd2 13. Nxf6+ Qxf6 14. Qxd2 d6 15. Rad1 Be6 16. b3 Rfd8 17. Bf3 Rab8 18.
Rfe1 b5 19. cxb5 Rxb5 20. Re3 h6 21. Rd3 d5 22. Rd4 Rc5 23. h4 Rdc8 24. Qe3 Rc3 25. Qf4 Qxf4 26. Rxf4 Rc2 27. Ra4 R8c7 28. Bxd5 Rd7 29. Bf3 Rxd1+ 30. Bxd1 Rc1 31. Rd4 Ra1 32. Rd2 Kf8 33. f3 Ke7 34. Kf2 a5 35. Ke3 a4 36. bxa4 Bxa2 37. Kd4 Be6 38. Kc5 g5 39. hxg5 hxg5 40. Kb6 Rb1+ 41. Ka7 Ra1 42. Ka6 f5 43. a5 Bc4+ 44. Kb6 Rb1+ 45. Kc5 Bf1 46. Ba4 Ra1 47. Kb4 Ke6 48. Rb2 Ke5 49. Bb5 Bxb5 50.
Kxb5 Kd4 51. Kb6 Kc3 52. Rb5 Ra2 53. Rxf5 Rxg2 54. a6 1-0

[Event "*** Titled Tuesday 3|2 Blitz"]
[Site "Chess.com"]
[Date "2015.08.04"]
[Round "8"]
[White "Haykos"]
[Black "WarlordX"]
[Result "0-1"]
[WhiteElo "2169"]
[BlackElo "2211"]
[TimeControl "180+2"]
[EndTime "13:16:23 PDT"]
[Termination "WarlordX won by resignation"]

1. e4 c5 2. Nf3 d6 3. Bb5+ Bd7 4. Bxd7+ Nxd7 5. d4 g6 6. Nc3 Bg7 7. Be3 Qb6 8. O-O Qxb2 9. Qd2 Qb6 10. Rab1 Qc6 11. e5 a6 12. d5 Qc7 13. e6 Ne5 14.
exf7+ Nxf7 15. Ne4 h6 16. Nh4 g5 17. Ng6 Rh7 18. f4 Nf6 19. Qd3 g4 20. Nxf6+ Bxf6 21. Ne5 Rg7 22. Nxf7 Kxf7 23. Qf5 b5 24. Qe6+ Kf8 25.
c4 b4 26. f5 Qc8 27. Bxh6 Qxe6 28. fxe6 Kg8 29. Bxg7 Kxg7 30. Rf4 g3 31. hxg3 a5 32. Kf2 a4 33. Rf3 Rh8 34. g4 Kg6 35. Rf1 Rh4 36.
Kg3 Rh7 37. Rf5 Rh8 38. g5 Bxg5 39. Rf7 Bf6 40. R1xf6+ exf6 41. Ra7 a3 42. Kf4 Rh4+ 43. g4 f5 44. Rd7 Rxg4+ 45. Kf3 Rxc4 46. Rxd6 Kf6 47. Rd7 Re4 48. Rf7+ Kg6 49. Rf8 c4 50. Rc8 b3 51. axb3 cxb3 52. Rb8 b2 53. d6 Rxe6 54. d7 Rd6 55. d8=Q Rxd8 56. Rxd8 b1=Q 57. Rd6+ Kg5 0-1

[Event "*** Titled Tuesday 3|2 Blitz"]
[Site "Chess.com"]
[Date "2015.08.04"]
[Round "8"]
[White "silverback96"]
[Black "Sunil"]
[Result "1-0"]
[WhiteElo "1879"]
[BlackElo "1793"]
[TimeControl "180+2"]
[EndTime "13:16:34 PDT"]
[Termination "silverback96 won by resignation"]

1. d4 Nf6 2. c4 g6 3. g3 Bg7 4. Bg2 d6 5. Nc3 O-O 6. Nf3 Nc6 7. O-O Bg4 8. Nd2 Nxd4 9. Bxb7 Rb8 10. Bg2 Qd7 11. Re1 Bh3 12. Bh1 e5 13. e3 Ne6 14.
Nd5 Nxd5 15. cxd5 Nc5 16. Ne4 Nxe4 17. Bxe4 f5 18. Bg2 Bxg2 19. Kxg2 e4 20. Rb1 Rfe8 21. b3 Re5 22. Bb2 Re7 23. Bxg7 Kxg7 24. Qd4+ Re5 25.
Qxa7 Rb6 26. Rbc1 Re7 27. Rc4 Qb5 28. Rxc7 Rxc7 29. Qxc7+ Kh6 30. Qd8 Rb7 31. Qf8+ Rg7 32. Rc1 Qe2 33. a4 Qf3+ 34. Kg1 g5 35. a5 f4 36.
Qxd6+ Kh5 37. Re1 Kg4 38. Qe6+ Kh5 39. Qh3+ Kg6 40. Qe6+ Kh5 41. d6 fxg3 42. hxg3 Rf7 43. Qh3+ Kg6 44. Qg2 Qf5 45. Rd1 Rd7 46. a6 Kf6 47. b4 Ke6 48. b5 Rxd6 49. Rxd6+ Kxd6 50. b6 Qb5 51. Qxe4 Qxb6 52. Qd4+ Qxd4 53. exd4 1-0

[Event "*** Titled Tuesday 3|2 Blitz"]
[Site "Chess.com"]
[Date "2015.08.04"]
[Round "8"]
[White "kesarev"]
[Black "CraiggoryC"]
[Result "0-1"]
[WhiteElo "2167"]
[BlackElo "2018"]
[TimeControl "180+2"]
[EndTime "13:16:35 PDT"]
[Termination "CraiggoryC won by resignation"]

1. Nf3 e6 2. c4 Nf6 3. b3 c5 4.
g3 b6 5. Bg2 Bb7 6. O-O d6 7.
Nc3 a6 8. d4 cxd4 9. Qxd4 Qc7 10. Ba3 Nbd7 11. e4 Be7 12. Rfd1 Nc5 13. e5 dxe5 14.
Qxe5 Qxe5 15. Nxe5 Bxg2 16. Kxg2 Nce4 17. Nxe4 Bxa3 18.
Nxf6+ gxf6 19. Nd7 b5 20. cxb5 axb5 21. Nxf6+ Ke7 22. Ne4 f5 23. Ng5 Bb2 24. Rab1 Bf6 25. Nf3 Rxa2 26. Rbc1 Ra7 27. Rc6 Rd7 28. Rxd7+ Kxd7 29. Rb6 Rc8 30. Rxb5 h5 31. Nd2 Rc2 32. Nc4 Bd4 33.
Rb7+ Kc6 34. Rh7 Rxf2+ 35. Kh3 Rf3 36. Rxh5 Kd5 37. Nd2 Rd3 38. Nf1 Rxb3 39. Kg2 Rb2+ 40. Kh3 Rf2 41. g4 Rxf1 42. gxf5 Rxf5 43. Rh7 e5 44.
Kg4 Rf4+ 45. Kg5 Ke4 46. h4 Be3 47. Kg6 Rg4+ 48. Kf7 Bf2 49. h5 Rh4 50. Kg6 Kd3 51.
Rd7+ Bd4 52. h6 e4 53. h7 e3 54. Re7 e2 55. Re8 Be3 56. Rd8+ Kc2 57. h8=Q Rxh8 58. Rxh8 0-1

[Event "*** Titled Tuesday 3|2 Blitz"]
[Site "Chess.com"]
[Date "2015.08.04"]
[Round "8"]
[White "FairChess_on_YouTube"]
[Black "Cruel_Yaro"]
[Result "1-0"]
[WhiteElo "2730"]
[BlackElo "2509"]
[TimeControl "180+2"]
[EndTime "13:16:38 PDT"]
[Termination "FairChess_on_YouTube won by resignation"]

1. c4 Nf6 2. Nc3 d5 3. d4 g6 4. Nf3 Bg7 5. Bf4 O-O 6. Rc1 dxc4 7. e4 Bg4 8. Bxc4 Bxf3 9. gxf3 Nh5 10. Be3 e5 11. dxe5 Bxe5 12. Ne2 Qf6 13. f4 Nxf4 14. Nxf4 Bxf4 15. Qf3 Be5 16. Qxf6 Bxf6 17. f4 Nd7 18. e5 Bh4+ 19. Ke2 Nb6 20. Bb3 c6 21. f5 Rae8 22. Rhg1 Nd5 23. Bxd5 cxd5 24. e6 Bf6 25.
Rc7 Re7 26. Rxe7 Bxe7 27. Bxa7 fxe6 28. fxg6 hxg6 29. Rxg6+ Kf7 30. Rh6 Ra8 31. Rh7+ Kg6 32. Rxe7 Rxa7 33. Rxe6+ Kf5 34. Rb6 Rxa2 35. Kd3 Ke5 36.
Rxb7 Ra1 37. Re7+ Kd6 38. Re2 Rd1+ 39. Rd2 Rg1 40. b4 Rb1 41. Kc3 Rc1+ 42. Rc2 Rb1 43. Rb2 Rc1+ 44. Kd3 Rd1+ 45. Ke3 Kc6 46. Rc2+ Kb5 47.
Rd2 Rh1 48. Rxd5+ Kxb4 49. Rd2 Kc5 50. Kf3 Rf1+ 51. Kg4 Rf8 52. h4 Rg8+ 53. Kf5 Rf8+ 54. Ke6 Rh8 55. Rh2 Rh5 56. Kf6 Kd6 57. Rd2+ Kc7 58.
Rd4 Kc6 59. Kg6 Rh8 60. h5 Rg8+ 61. Kf7 1-0